 Dungeon Crawl Stone Soup version 0.24.0-123-gd5b16e6ec5 (webtiles) character file.

Game seed: 15205805171300966920, levelgen mode: deterministic

849 FishyPogo the Ducker (level 7, -6/56 HPs)
             Began as a Demonspawn Gladiator on Dec 23, 2019.
             Was an Initiate of Okawaru.
             Mangled by an ogre
             ... wielding a +0 giant club
              (13 damage)
             ... on level 3 of the Dungeon.
             The game lasted 00:11:47 (3705 turns).

FishyPogo the Ducker (Demonspawn Gladiator)         Turns: 3705, Time: 00:11:48

Health: -6/56      AC:  7    Str: 16    XL:     7   Next: 69%
Magic:  7/7        EV: 15    Int: 15    God:    Okawaru [......]
Gold:   178        SH:  0    Dex: 16    Spells: 6/6 levels left

rFire    + + .     SeeInvis .   b - +5 scimitar of Fury {flame, Int+5 Dex+2}
rCold    x . .     Gourm    .   (no shield)
rNeg     . . .     Faith    .   r - +2 robe {MR+}
rPois    .         Spirit   .   c - +0 helmet
rElec    .         Reflect  .   j - +1 cloak
rCorr    +         Harm     .   (no gloves)
MR       +....                  (no boots)
Stlth    +.........             (no amulet)
HPRegen  0.18/turn              l - ring of fire
MPRegen  0.10/turn              z - ring of resist corrosion

@: no status effects
A: fire resistance 1, flame cloud immunity
a: Renounce Religion


You were on level 3 of the Dungeon.
You worshipped Okawaru.
Okawaru was noncommittal.
You were not hungry.

You visited 2 branches of the dungeon, and saw 6 of its levels.

You collected 178 gold pieces.

Inventory:

Hand Weapons
 b - the +5 scimitar of Fury (weapon) {flame, Int+5 Dex+2}
   (You found it on level 3 of the Dungeon)

   It has been specially enchanted to burn those struck by it, causing extra
   injury to most foes and up to half again as much damage against particularly
   susceptible opponents.
   Big, fiery blades are also staple armaments of hydra-hunters.
   It affects your intelligence (+5).
   It affects your dexterity (+2).
 e - a +1 scimitar of freezing
 x - a +4 scythe of slicing
Missiles
 d - 3 throwing nets
 i - 71 stones (quivered)
 k - 4 boomerangs
 t - 7 atropa-tipped darts
 w - 35 sling bullets
 K - 15 poisoned darts
Armour
 c - a +0 helmet (worn)
 j - a +1 cloak (worn)
 r - a +2 robe of magic resistance (worn)
Jewellery
 l - a ring of fire (left hand)
 z - a ring of resist corrosion (right hand)
 I - a +4 ring of strength {unknown}
Wands
 p - a wand of random effects (25)
Scrolls
 h - 2 scrolls of fear {unknown}
 n - 3 scrolls of identify
 o - a scroll of enchant armour {unknown}
 q - a scroll of noise {unknown}
 s - a scroll of amnesia {unknown}
 u - a scroll of fog {unknown}
 y - a scroll of magic mapping {unknown}
 B - a scroll of random uselessness {unknown}
 C - 2 scrolls of remove curse {unknown}
 F - a scroll of teleportation
 J - a scroll of blinking
Potions
 g - a potion of curing
 m - a potion of cancellation
 v - 2 potions of mutation {unknown}
 A - a potion of resistance {unknown}
 E - a potion of heal wounds {unknown}
 G - 2 potions of degeneration {unknown}
 H - a potion of might {unknown}
Comestibles
 f - 5 rations
 D - a chunk of flesh


   Skills:
 + Level 5.1 Fighting
 * Level 3.0 Long Blades
 - Level 1.6 Polearms
 - Level 3.0 Throwing
 * Level 3.0 Armour
 + Level 5.2 Dodging


You had 6 spell levels left.
You didn't know any spells.
Your spell library was empty.

Dungeon Overview and Level Annotations

Branches:
Dungeon (5/15)             Temple (1/1) D:5

Altars:
Dithmenos
Fedhas
Gozag
Hepliaklqana
Kikubaaqudgha
Makhleb
Okawaru
Ru
Vehumet
Yredelemnul
Zin

Annotations:
D:3 1 transporter
D:5 Prince Ribbit


Innate Abilities, Weirdness & Mutations

Your flesh is heat resistant. (rF+)
You are immune to clouds of flame.


Message History

You miss the adder. The adder completely misses you.
You riposte.
You hit the adder. You burn the adder.
The adder is heavily wounded.
The ogre hits you with a +0 giant club! The adder closely misses you.
You hit the adder. You burn the adder.
The adder is almost dead.
The ogre hits you with a +0 giant club! The adder bites you but does no damage.
You slash the adder! You burn the adder.
You kill the adder!
Okawaru accepts your kill.
The ogre hits you with a +0 giant club!!
* * * LOW HITPOINT WARNING * * *
Okay, then.
You hit the ogre. You burn the ogre.
The ogre is moderately wounded.
The ogre misses you.
You slash the ogre! You burn the ogre.
The ogre is severely wounded.
The ogre hits you with a +0 giant club!
You die...

.#.........#####.#
.#.....[...# #.##
.#.....#.#.# #..#
.........#.# ##.##
..####...#.#####...#####
#........#'#.....©.....##
######<......#########..#
##.........##8$._.$8##.#
##...##.....#..(@$$)..#.#
#....''.....#..#O..#..#.#
#....##.....#.#.?...#.#.#
#######.....#........©#.#
#.....#.#....$#.#.# #
#...>.#..#.©.#..#.# ###
#.....#.........#.# ÷.##
#.....##8.....8##.# #..##
#......#########..#


You could see an ogre.

Vanquished Creatures
  Sigmund (D:2)
  An ogre (D:4)
  Blork the orc (D:4)
  A vampire bat (D:3)
  A bullfrog skeleton (D:4)
  2 worker ants
  Natasha (thrice) (D:3)
  3 iguanas
  A gnoll (D:1)
  5 adders
  2 oozes
  An adder skeleton (D:4)
  A worm (D:2)
  8 dart slugs
  3 fire bats (D:3)
  5 leopard geckos
  11 orcs
  2 spectral bats (D:3)
  3 ball pythons
  18 bats
  3 bat skeletons (D:3)
  A bat zombie (D:3)
  9 giant cockroaches
  8 goblins
  8 hobgoblins
  11 kobolds
  2 quokkas
  A bat simulacrum (D:3)
  7 frilled lizards
  A leopard gecko zombie (D:3)
  9 rats
133 creatures vanquished.

Notes
Turn   | Place    | Note
-------+----------+-------------------------------------------
     0 | D:1      | FishyPogo the Demonspawn Gladiator began the quest for the
                  | Orb.
     0 | D:1      | Reached XP level 1. HP: 16/16 MP: 1/1
    77 | D:1      | Gained mutation: Your flesh is heat resistant. (rF+)
                  | [demonic ancestry]
    77 | D:1      | Reached XP level 2. HP: 5/22 MP: 2/2
    86 | D:1      | HP: 1/23 [kobold/+0 club (4)]
   589 | D:2      | Reached XP level 3. HP: 25/28 MP: 3/3
   751 | D:2      | Noticed Sigmund
   815 | D:3      | Noticed an ogre
   818 | D:3      | Found a burning altar of Makhleb.
   818 | D:3      | Found a transporter.
   834 | D:5      | Entered Level 5 of the Dungeon
   901 | D:4      | Gained mutation: You are immune to clouds of flame.
                  | [demonic ancestry]
   901 | D:4      | Reached XP level 4. HP: 28/35 MP: 4/4
   943 | D:4      | Noticed an ogre
   951 | D:4      | Killed an ogre
   951 | D:4      | Reached XP level 5. HP: 40/42 MP: 5/5
   996 | D:4      | Noticed Eustachio
  1014 | D:4      | Noticed Blork the orc
  1077 | D:5      | Reached XP level 6. HP: 15/48 MP: 6/6
  1281 | D:4      | Killed Blork the orc
  1594 | D:5      | Found a staircase to the Ecumenical Temple.
  1600 | D:5      | Noticed Prince Ribbit
  1601 | Temple   | Entered the Ecumenical Temple
  1669 | Temple   | Became a worshipper of Warmaster Okawaru
  2210 | D:2      | Found an ancient bone altar of Kikubaaqudgha.
  2258 | D:1      | Reached skill level 1 in Armour
  2998 | D:2      | Killed Sigmund
  2998 | D:2      | Reached XP level 7. HP: 39/55 MP: 7/7
  3235 | D:3      | Noticed Natasha
  3239 | D:3      | Killed Natasha
  3239 | D:3      | Reached skill level 5 in Dodging
  3269 | D:3      | Found a transporter.
  3355 | D:3      | Noticed Natasha
  3359 | D:3      | Killed Natasha
  3359 | D:3      | Reached skill level 5 in Fighting
  3452 | D:3      | Reached skill level 1 in Polearms
  3668 | D:3      | Noticed Natasha
  3676 | D:3      | Killed Natasha
  3697 | D:3      | Got a bloodstained scimitar
  3697 | D:3      | Identified the +5 scimitar of Fury {flame, Int+5 Dex+2}
                  | (You found it on level 3 of the Dungeon)
  3705 | D:3      | Mangled by an ogre

Levels and vault maps discovered:
D:1:      ebering_hopf_link, layout_basic
D:2:      layout_loops_cross, kiku_gazebo_garden_becter, serial_bayou_pond_b,
          uniq_sigmund
D:3:      layout_basic, gammafunk_temple_overflow_arena, goddamned_bats,
          uniq_natasha
D:4:      layout_rooms, uniq_blork_the_orc, uniq_eustachio
D:5:      layout_layer_cave, old_standard_altar, minmay_temple_entry_wispy,
          first_ration, uniq_prince_ribbit1, uniq_edmund
Temple:   jpeg_temple_island

Skill      XL: |  1  2  3  4  5  6  7 |
---------------+----------------------+-----
Throwing       | 2 3 |  3.0
Dodging        | 3 4 5 |  5.2
Fighting       | 3 4 5 |  5.1
Long Blades    | 3 |  3.0
Armour         | 2 3 |  3.0
Polearms       | 1 |  1.6

Action                   |  1- 3 |  4- 6 |  7- 9 || total
-------------------------+-------+-------+-------++-------
Melee: Long sword        |    84 |    42 |       ||   126
       Scimitar          |       |   110 |     7 ||   117
       Unarmed           |       |     2 |       ||     2
       Scythe            |       |       |   118 ||   118
Throw: Stone             |       |    11 |     1 ||    12
       Throwing net      |       |     1 |       ||     1
  Use: Scroll            |     4 |       |       ||     4
       Potion            |       |     3 |       ||     3
 Stab: Sleeping          |     1 |     2 |     3 ||     6
       Invisible         |       |     1 |       ||     1
  Eat: Chunk             |       |     7 |     3 ||    10
Armor: Leather armour    |    19 |    36 |       ||    55
       Robe              |       |       |   105 ||   105
Dodge: Dodged            |    69 |   120 |   292 ||   481
       Rpst.: Long sword |    20 |    16 |       ||    36
       Scimitar          |       |    21 |     3 ||    24
